Map: [ESL] Radhuset Station

Players

Spirit - Winner!

  • Race: Terran Terran
  • Spawn Location: 7:00

Harstem

  • Race: Protoss Protoss
  • Spawn Location: 1:00

Event: ESL SC2 Masters 2023 Winter (Regional)

VOD

Have the link to the VOD?

Description

Time

  • Played on: Nov. 16, 2023, 10:10 a.m.
  • Length: 4:49

All games in this series

Show
View Real Time Build Order
Export as new Build Order

Spirit Terran - Winner!

Build Orders: 1/1/1, Widow Mine Drop 

Get SALT Encoding   

  12  0:00  SCV  
  13  0:12  SCV  
  14  0:18  Supply Depot  
  14  0:24  SCV  
  15  0:39  SCV  
  15  0:42  Barracks  
  16  0:45  Refinery  
  16  0:51  SCV  
  16  0:56  Refinery  
  17  1:03  SCV  
  18  1:15  SCV  
  19  1:28  Marine  
  19  1:29  Orbital Command  
  20  1:35  Factory  
  20  1:44  Supply Depot  
  20  1:48  Barracks Reactor  
  20  1:55  SCV  
  21  2:07  SCV  
  22  2:19  SCV, Starport  
  23  2:29  Widow Mine x2  
  27  2:30  Supply Depot  
  27  2:32  SCV  
  28  2:50  Widow Mine  
  31  2:51  Widow Mine  
  31  2:56  Medivac  
  31  2:57  Armory  
  34  3:02  Supply Depot  
  34  3:12  Widow Mine  
  36  3:13  Widow Mine  
  36  3:16  SCV  
  39  3:24  Supply Depot  
  39  3:27  Medivac  
  39  3:31  SCV  
  42  3:38  Widow Mine  
  42  3:39  Widow Mine  
  46  3:43  SCV  
  47  4:01  Widow Mine x2  
  51  4:04  SCV  
  52  4:15  Medivac  
  52  4:17  SCV  
  53  4:22  Widow Mine  
  55  4:31  Barracks Reactor, Supply Depot  
  55  4:41  Command Center  
Show
View Real Time Build Order
Export as new Build Order

Harstem Protoss 

Build Orders: Nexus First, Oracle Opening, Phoenix Opening 

Get SALT Encoding   

  12  0:00  Probe  
  13  0:12  Probe  
  14  0:20  Pylon  
  14  0:24  Probe  
  15  0:38  Probe  
  16  0:56  Nexus  
  16  1:05  Gateway  
  16  1:09  Probe (Chrono Boost)  
  17  1:19  Assimilator  
  17  1:21  Probe (Chrono Boost)  
  18  1:27  Assimilator, Probe (Chrono Boost)  
  19  1:35  Probe  
  20  1:42  Gateway  
  20  1:47  Probe (Chrono Boost)  
  20  1:53  Cybernetics Core  
  21  1:58  Probe (Chrono Boost)  
  22  2:07  Probe (Chrono Boost)  
  23  2:09  Probe (Chrono Boost)  
  24  2:19  Probe (Chrono Boost)  
  24  2:20  Probe (Chrono Boost)  
  26  2:24  Probe (Chrono Boost)  
  26  2:28  Probe  
  28  2:30  Sentry  
  28  2:35  Stargate  
  28  2:36  Probe (Chrono Boost)  
  31  2:40  Shield Battery  
  32  2:44  Warp Gate, Probe (Chrono Boost)  
  32  2:48  Probe (Chrono Boost)  
  33  2:54  Pylon  
  33  2:57  Probe (Chrono Boost)  
  33  2:58  Probe (Chrono Boost)  
  35  3:01  Phoenix  
  35  3:04  Probe  
  36  3:05  Probe  
  37  3:16  Probe  
  37  3:17  Probe  
  37  3:18  Phoenix (Chrono Boost)  
  41  3:27  Pylon  
  41  3:28  Probe  
  41  3:29  Probe  
  43  3:38  Phoenix (Chrono Boost)  
  43  3:41  Probe  
  32  3:56  Oracle (Chrono Boost)  
  32  3:57  Probe  
  32  3:58  Nexus  
  35  4:04  Probe  
  35  4:06  Assimilator  
  35  4:09  Probe  
  30  4:34  Adept  
  30  4:35  Probe x2  
Tags
 
Add a new tag
Caveats
  • Supply blocks, unpowered buildings, or Contaminate may cause inaccurate times.
  • Supply counts are checked every 10 seconds.